 Dungeon Crawl Stone Soup version 0.22-a0-558-gc224181 (webtiles) character file.

360 iamserjio the Chopper (level 6, -3/37 HPs)
             Began as a Gargoyle Fighter on June 27, 2018.
             Was an Initiate of Makhleb.
             Slain by an orc warrior
             ... wielding a cursed +0 hand axe
              (6 damage)
             ... on level 6 of the Dungeon.
             The game lasted 00:08:17 (1484 turns).

iamserjio the Chopper (Gargoyle Fighter)            Turns: 1484, Time: 00:08:18

Health: -3/37      AC: 15    Str: 25    XL:     6   Next: 65%
Magic:  6/6        EV: 10    Int:  9    God:    Makhleb [......]
Gold:   144        SH: 12    Dex: 15    Spells: 5/5 levels left

rFire    + . .     SeeInvis .   a - +0 war axe
rCold    + + .     Gourm    .   C - +2 shield
rNeg     + . .     Faith    .   n - +0 chain mail
rPois    ∞         Spirit   .   (helmet restricted)
rElec    +         Reflect  .   (no cloak)
rCorr    +         Harm     .   k - +0 pair of gloves
MR       ++...                  y - +0 pair of boots
Stlth    ..........             (no amulet)
HPRegen  0.12/turn              x - ring of protection from cold
MPRegen  0.10/turn              j - ring of protection from magic

@: mighty, agile, resistant
A: horns 1, talons 1, magic resistance 1, negative energy resistance 1,
electricity resistance, unbreathing, petrification resistance, rot immunity, AC
+4
a: Renounce Religion


You were on level 6 of the Dungeon.
You worshipped Makhleb.
Makhleb was noncommittal.
You were not hungry.

You visited 2 branches of the dungeon, and saw 8 of its levels.

You collected 144 gold pieces.

Inventory:

Hand Weapons
 a - a +0 war axe (weapon)
 o - a cursed +0 hand axe
Missiles
 r - 2 needles of confusion
Armour
 b - a +0 scale mail
 c - a +0 shield
 i - a +0 helmet
 k - a +0 pair of gloves (worn)
 n - a +0 chain mail (worn)
 y - a +0 pair of boots (worn)
 C - a +2 shield (worn)
Jewellery
 h - a +3 ring of strength
 j - a ring of protection from magic (right hand)
 v - an uncursed ring of positive energy
 x - a ring of protection from cold (left hand)
Wands
 w - a wand of paralysis (7)
Scrolls
 e - a scroll of enchant weapon
 l - a scroll of teleportation
 p - a scroll of blinking
 q - a scroll of amnesia {unknown}
 s - 2 scrolls of identify {@r1}
 t - a scroll of fog {unknown}
 u - a scroll of enchant armour {unknown}
 A - a scroll of remove curse {unknown}
Potions
 m - a potion of resistance
Comestibles
 f - 5 rations


   Skills:
 + Level 3.3 Fighting
 * Level 6.2 Axes
 + Level 3.3 Armour
 - Level 3.2 Shields


You had 5 spell levels left.
You didn't know any spells.
Your spell library was empty.

Dungeon Overview and Level Annotations

Branches:
Dungeon (7/15)             Temple (1/1) D:5

Altars:
Fedhas
Gozag
Makhleb
Qazlal
Ru
Sif Muna
Uskayaw
Wu Jian
Xom
Zin


Innate Abilities, Weirdness & Mutations

You are resistant to torment.
Your stone body is resilient. (AC +4)
You are immune to poison.
You resist negative energy. (rN+)
You are resistant to electric shocks. (rElec)
You can survive without breathing.
You are immune to petrification.
You are immune to rotting.
You have a pair of small horns on your head.
You have sharp toenails.
You are resistant to hostile enchantments. (MR+)


Message History

Your shield prevents you from hitting the iguana.
The iguana bites you. You block the orc warrior's attack.
You hit the orc warrior.
The orc warrior is moderately wounded.
You hit the iguana but do no damage. The iguana bites you!
* * * LOW HITPOINT WARNING * * *
The orc warrior hits you with a hand axe.
* * * LOW HITPOINT WARNING * * *
You block the iguana's attack.
It was a potion of mutation.
You feel extremely strange.
You feel resistant to hostile enchantments.
Your toenails lengthen and sharpen.
A pair of horns grows on your head!
Your +0 helmet falls away!
The orc warrior hits you with a hand axe.
* * * LOW HITPOINT WARNING * * *
You block the iguana's attack.
It was a potion of agility.
You feel agile all of a sudden.
The orc warrior hits you with a hand axe.
You die...

#### # #...#..
##.......
#>.......
#######........
#oo@l.#........
#o###..#.<.....
#. ##......#..
oo ####......
... .##### ....
## ### .....
... ......
#########
.........


You could see an orc warrior, an iguana and 2 orcs.

Vanquished Creatures
  An ice beast (D:5)
  2 scorpions (D:4)
  An orc priest (D:4)
  A bullfrog skeleton (D:4)
  6 adders
  An ooze (D:3)
  An adder skeleton (D:5)
  A worm (D:2)
  A dart slug (D:1)
  8 orcs
  A giant cockroach (D:3)
  6 goblins
  4 hobgoblins
  3 ball pythons
  2 bats
  2 frilled lizards
  A giant cockroach zombie (D:5)
  A jackal skeleton (D:7)
  7 kobolds
  A quokka zombie (D:6)
  A rat (D:2)
52 creatures vanquished.

Notes
Turn   | Place    | Note
-------+----------+-------------------------------------------
     0 | D:1      | iamserjio the Gargoyle Fighter began the quest for the Orb.
     0 | D:1      | Reached XP level 1. HP: 14/14 MP: 1/1
   110 | D:1      | Reached skill level 2 in Axes
   136 | D:1      | Reached XP level 2. HP: 19/19 MP: 2/2
   247 | D:2      | Reached skill level 3 in Axes
   247 | D:2      | Reached XP level 3. HP: 19/23 MP: 3/3
   333 | D:2      | Found a glowing silver altar of Zin.
   334 | D:2      | Found an opulent altar of Gozag.
   604 | D:3      | Found a deep blue altar of Sif Muna.
   731 | D:3      | Found a stormy altar of Qazlal.
   774 | D:4      | Reached skill level 4 in Axes
   774 | D:4      | Reached XP level 4. HP: 28/28 MP: 4/4
   880 | D:4      | Reached XP level 5. HP: 32/32 MP: 5/5
   882 | D:4      | Reached skill level 5 in Axes
  1022 | D:4      | Reached XP level 6. HP: 35/37 MP: 6/6
  1066 | D:5      | Entered Level 5 of the Dungeon
  1066 | D:5      | Noticed an ice beast
  1077 | D:5      | Killed an ice beast
  1077 | D:5      | Reached skill level 6 in Axes
  1120 | D:5      | Found a staircase to the Ecumenical Temple.
  1126 | Temple   | Entered the Ecumenical Temple
  1130 | Temple   | Became a worshipper of Makhleb the Destroyer
  1376 | D:7      | Found a hide-covered altar of Uskayaw.
  1466 | D:6      | Noticed an orc warrior
  1483 | D:6      | Gained mutation: You are resistant to hostile enchantments. (MR+) [potion of mutation]
  1483 | D:6      | Gained mutation: You have sharp toenails. [potion of mutation]
  1483 | D:6      | Gained mutation: You have a pair of small horns on your head. [potion of mutation]
  1484 | D:6      | Slain by an orc warrior

Vault maps used:
D:1:      dpeg_arrival_rooms_b, nemelex_diamond_rough_becter
D:2:      wad_crossroads, grunt_temple_overflow_gold_and_silver,
          grunt_decor_fettered
D:3:      lemuel_crystal_altar, lemuel_doored_altar, marbit_many_paths,
          first_ration, st_stairs_7
D:4:      hangedman_decor_lopped, uniq_eustachio
D:5:      minmay_temple_entry_fiery, uniq_edmund
D:6:      fedhas_altar_4
D:7:      kennysheep_little_box
Temple:   compressed_dpeg_circular_temple

Skill      XL: |  1  2  3  4  5  6 |
---------------+-------------------+-----
Axes           | 2 3 4 5 6 |  6.2
Fighting       | |  3.3
Armour         | |  3.3
Shields        | |  3.2

Action                   |  1- 3 |  4- 6 || total
-------------------------+-------+-------++-------
Melee: War axe           |    98 |   141 ||   239
  Use: Scroll            |       |     3 ||     3
       Potion            |       |     5 ||     5
  Eat: Ration            |       |     1 ||     1
Armor: Scale mail        |    57 |       ||    57
       Chain mail        |       |    99 ||    99
Dodge: Dodged            |    35 |    25 ||    60
Block: Shield            |    63 |    85 ||   148

Table legend:
 A = Spawn XP
 B = Non-spawn XP
 C = Spawn XP percentage of total XP
 D = Spawn monster count
 E = Non-spawn monster count
 F = Spawn count percentage of total count
 G = Total turns spent on level
                    A         B        C        D         E        F      G
               +---------+---------+-------+---------+---------+-------+---------
         Total |       0 |     515 |   0.0 |       0 |      52 |   0.0 |  1484
               +---------+---------+-------+---------+---------+-------+---------
           D:1 |       0 |      22 |   0.0 |       0 |      12 |   0.0 |   255
           D:2 |       0 |      26 |   0.0 |       0 |       8 |   0.0 |   342
           D:3 |       0 |      24 |   0.0 |       0 |      10 |   0.0 |   162
           D:4 |       0 |     259 |   0.0 |       0 |      12 |   0.0 |   365
           D:5 |       0 |     165 |   0.0 |       0 |       6 |   0.0 |   215
           D:6 |       0 |       1 |   0.0 |       0 |       1 |   0.0 |    41
           D:7 |       0 |      18 |   0.0 |       0 |       3 |   0.0 |    95
               +---------+---------+-------+---------+---------+-------+---------
